 Dungeon Crawl Stone Soup version 0.28.0-47-ge53b351184 (webtiles) character file.

Game seed: 4124253483536504212

10 101zpm the Magician (level 2, -2/21 HPs)
             Began as a Djinni Ice Elementalist on Apr 26, 2022.
             Slain by Terence
             ... wielding a +0 flail
              (9 damage)
             ... on level 2 of the Dungeon.
             The game lasted 00:00:35 (146 turns).

101zpm the Magician (Djinni Ice Elementalist)        Turns: 146, Time: 00:00:37

Health: -2/21      AC:  2    Str:  7    XL:     2   Next: 30%
Gold:   0          EV: 12    Int: 16    God:
                   SH:  0    Dex: 13

rFire   + + .      SeeInvis .   (no weapon)
rCold   x . .      Faith    .   (no shield)
rNeg    . . .      Spirit   .   a - +0 robe
rPois   ∞          Reflect  .   (no helmet)
rElec   .          Harm     .   (no cloak)
rCorr   .          Rampage  .   (no gloves)
Will    .....                   (boots unavailable)
Stlth   ++........              (no amulet)
HPRegen 0.07/turn               (no ring)
MPRegen 0.00/turn               (no ring)

@: flying
A: sickness immunity, fire resistance 2, cold vulnerability 1, float, innate
caster, HP casting, extra vitality 1
a: no special abilities


You were on level 2 of the Dungeon.
You visited 1 branch of the dungeon, and saw 2 of its levels.

Inventory:

Armour
 a - a +0 robe (worn)


   Skills:
 + Level 2.2 Dodging
 + Level 1.6 Stealth
 + Level 3.6 Spellcasting


You couldn't memorise any spells.
You knew the following spells:

 Your Spells              Type           Power      Damage    Failure   Level
a - Freeze                Ice            56%        1d7       4%          1
b - Frozen Ramparts       Ice            28%        1d4       12%         3
c - Ozocubu's Armour      Ice            14%        N/A       12%         3
d - Hailstorm             Conj/Ice       14%        3d5       36%         4
Your spell library was empty.

Dungeon Overview and Level Annotations

Branches:
Dungeon (2/15)

Altars:

Annotations:
D:2 Terence


Innate Abilities, Weirdness & Mutations

You are immune to sickness and miasma.
You are immune to poison.
Your flesh is very heat resistant. (rF++)
You are vulnerable to cold. (rC-)
You float through the air rather than walking.
You learn spells naturally, not from books.
Your magical power is your life essence.
You have superior vitality. (+4 MHP)


Message History

The frilled lizard hisses angrily.
Found a stone staircase leading up.
You freeze the frilled lizard.
You kill the frilled lizard!
You freeze the gnoll.
The gnoll is moderately wounded.
The gnoll barely misses you.
You freeze the gnoll.
The gnoll is severely wounded.
The gnoll barely misses you.
You freeze the gnoll!
You kill the gnoll!
You have reached level 2!
You start resting.
HP restored.
Things that are here:
a +0 club; a gnoll corpse
There is a stone staircase leading up here.
You reach down and open the door.
Terence the Incautious comes into view.
He is wielding a +0 flail.
Found 15 arrows.
There is an open door here.
You freeze Terence.
Terence shouts!
Terence is lightly wounded.
You hear an angry hiss.
A frilled lizard comes into view.
Terence misses you.
You freeze Terence.
Terence is heavily wounded.
Terence hits you with a +0 flail!
Ouch! That really hurt!
You are too injured to fight recklessly!
Aiming: Freeze (safe; 4% risk of failure)
Press: ? - help, Q - select action Shift-Dir - straight line, f/p - Terence
Aim: Terence, wielding a +0 flail and wearing a +0 scale mail (heavily wounded)
You freeze Terence.
Terence is severely wounded.
Terence hits you with a +0 flail!
You die...

#####.### #.. ....#
#.# #.#.# ##+#
#.###.#.# #(..#
#.##....# .....#
#.##....# ......#
#..#....#
....l.@####...#.#<#
#..@........#.##
##.####........# ##
##.....##.#
##.......#.#
#..........#
#....†.....#
#..........# .≈.
##.......#.# ≈..
##........#


You could see Terence and a frilled lizard.

Vanquished Creatures
  A gnoll (D:2)
  A frilled lizard (D:2)
2 creatures vanquished.

Notes
Turn   | Place    | Note
-------+----------+-------------------------------------------
     0 | D:1      | 101zpm the Djinni Ice Elementalist began the quest for the
                  | Orb.
     0 | D:1      | Reached XP level 1. HP: 15/15 MP: 0/0
    59 | D:2      | Reached XP level 2. HP: 16/21 MP: 0/0
   142 | D:2      | Noticed Terence
   146 | D:2      | Slain by Terence

Illustrated notes

Levels and vault maps discovered:
D:1:      dpeg_arrival_long_road, layout_basic
D:2:      cheibrodos_helix_gallery, layout_loops_corners, uniq_robin,
          uniq_terence, uniq_jessica

Action                   || total
-------------------------++-------
 Cast: Freeze            ||     7
Dodge: Dodged            ||     3
